 Dungeon Crawl Stone Soup version 0.31.0-12-g77e489cdc1 (webtiles) character file.

Game seed: 1832332560030601459

1217 spaghetti the Covert (level 8, -13/58 HPs)
             Began as a Human Chaos Knight on Feb 22, 2024.
             Was a Plaything of Xom.
             Mangled by a radroach (45 damage)
             ... on level 6 of the Dungeon.
             The game lasted 00:05:08 (4582 turns).

spaghetti the Covert (Human Chaos Knight)           Turns: 4582, Time: 00:05:09

Health: -13/58     AC:  6    Str: 12    XL:     8   Next: 46%
Magic:  0/8        EV: 11    Int: 12    God:    Xom [......]
Gold:   269        SH:  4    Dex: 16    Spells: 2/7 levels left

rFire   . . .        a - +0 short sword (chaos)
rCold   . . .        (no shield)
rNeg    . . .        b - +2 leather armour
rPois   .            (no helmet)
rElec   .            (no cloak)
rCorr   .            l - +0 pair of gloves
SInv    +            (no boots)
Will    .....        h - amulet of Zyavvyha {Spirit SInv Stlth+}
Stlth   +++++        (no ring)
HPRegen 0.29/turn    (no ring)
MPRegen 0.11/turn

%: guardian spirit
@: no status effects
A: explore regen, large bone plates 1, mutation resistance 1, wild magic 1
a: Renounce Religion


You were on level 6 of the Dungeon.
You worshipped Xom.
You were a very special plaything of Xom.
You visited 1 branch of the dungeon, and saw 6 of its levels.

You collected 269 gold pieces.

Inventory:

Hand Weapons
 a - a +0 short sword of chaos (weapon)
Armour
 b - a +2 leather armour (worn)
 l - a +0 pair of gloves (worn)
Jewellery
 h - the amulet of Zyavvyha (around neck) {Spirit SInv Stlth+}
   (Xom gifted it to you on level 2 of the Dungeon)

   [amulet of guardian spirit]

   Spirit:    It causes incoming damage to be divided between your reserves of
   health and magic.
   SInv:      It lets you see invisible.
   Stlth+:    It makes you more stealthy.
Scrolls
 c - a scroll of butterflies
 d - 3 scrolls of teleportation
 i - a scroll of brand weapon
 j - a scroll of enchant armour
 m - a scroll of enchant weapon {unknown}
 n - 4 scrolls of identify
 p - a scroll of amnesia {unknown}
Potions
 e - a potion of curing
 f - a potion of magic {unknown}
 g - 2 potions of cancellation {unknown}
 k - 2 potions of heal wounds {unknown}
 o - a potion of degeneration {unknown}


   Skills:
 - Level 3.0 Fighting
 - Level 3.0 Short Blades
 - Level 2.0 Armour
 - Level 1.0 Dodging
 + Level 8.2 Stealth
 + Level 3.3 Conjurations
 + Level 3.3 Air Magic
 + Level 3.4 Alchemy


You had 2 spell levels left.
You knew the following spells:

 Your Spells              Type           Power      Damage    Failure   Level
a - Mephitic Cloud        Conj/Alch/Air  10%        N/A       41%         3
b - Blink                 Tloc           0%         N/A       63%         2

Your spell library contained the following spells:

 Spells                   Type           Power      Damage    Failure   Level
 Kiss of Death            Conj/Necr      20%        2d7       30%         1
 Momentum Strike          Conj/Tloc      10%        3d8       41%         2
 Lesser Beckoning         Tloc           0%         N/A       63%         2
 Dazzling Flash           Conj/Hex       10%        N/A       63%         3
 Confusing Touch          Hex            0%         N/A       83%         3
 Volatile Blastmotes      Fire/Tloc      0%         2d10      83%         3
 Dispel Undead            Necr           0%         3d6       99%         4
 Curse of Agony           Necr           0%         N/A       100%        5
 Silence                  Hex/Air        2%         N/A       100%        5
 Starburst                Conj/Fire      2%         6d3       100%        6
 Maxwell's Capacitive Co  Air            5%         ∞         100%        8


Dungeon Overview and Level Annotations

Branches:
Dungeon (6/15)
 Temple: D:4-7

Altars:
Hepliaklqana
Xom
Zin

Shops:
D:5 [


Innate Abilities, Weirdness & Mutations

You regain HP and MP as you explore.
You are partially covered in large bone plates. (SH +4)
You are somewhat resistant to further mutation.
Your spells are a little harder to cast, but a little more powerful.


Message History

You are too injured to fight recklessly!
You are too injured to fight recklessly!
You are too injured to fight recklessly!
You are too injured to fight recklessly!
You are too injured to fight recklessly!
You are too injured to fight recklessly!
You are too injured to fight recklessly!
You are too injured to fight recklessly!
You are too injured to fight recklessly!
You are too injured to fight recklessly!
You are too injured to fight recklessly!
You are too injured to fight recklessly!
You are too injured to fight recklessly!
You are too injured to fight recklessly!
You are too injured to fight recklessly!
You are too injured to fight recklessly!
You are too injured to fight recklessly!
You are too injured to fight recklessly!
You are too injured to fight recklessly!
You are too injured to fight recklessly!
You are too injured to fight recklessly!
You are too injured to fight recklessly!
You catch the helpless iguana completely off-guard!
You puncture the iguana!
You kill the iguana!
You hit the radroach but do no damage.
The radroach appears confused.
You catch the helpless radroach completely off-guard!
You hit the radroach. You drain the radroach.
The radroach is lightly wounded.
The radroach bites you! You block the radroach's attack.
You see here an iguana corpse.
You hit the radroach but do no damage.
The acid corrodes the radroach!
The radroach is lightly wounded. "The weather's been a little too boring around here."
The radroach seems less confused.
The radroach erupts in a fountain of uncontrolled magic!
You are blasted with magical radiation!!!
Ouch! That really hurt!
You die...
Xom guffaws!

#.# #.# #.# #.+
#.# #.# ####§###
## #....B§# .#
#....§@###### .#
#...§§§§...... .#
#...##.§...§.....
.#
#.#.#..#.........
.# #
....##.........
..
#######.........
#. ## ..........
.. .#
#######...$.....
.## F
##....##........


You could see a radroach (corroded, drained).

Vanquished Creatures
  Grinder (D:5)
  2 phantoms
  A kobold brigand (D:6)
  2 scorpions (D:6)
  A bombardier beetle (D:4)
  5 hounds
  2 orc wizards (D:5)
  An iguana (D:6)
  Natasha (thrice) (D:2)
  3 gnolls
  5 adders
  A white imp (D:6)
  2 dart slugs (D:2)
  A ribbon worm (D:5)
  8 orcs
  6 endoplasms
  A giant cockroach (D:1)
  3 goblins
  2 hobgoblins
  3 quokkas
  4 ball pythons
  8 bats
  3 frilled lizards
  10 kobolds
  3 rats
81 creatures vanquished.

Vanquished Creatures (collateral kills)
  A scorpion (D:5)
  An orc priest (D:5)
  2 orc wizards (D:5)
  5 gnolls
  An adder (D:5)
  A river rat (D:5)
  A ribbon worm (D:5)
  An orc (D:5)
  An endoplasm (D:2)
  3 rats
17 creatures vanquished.

Grand Total: 98 creatures vanquished

Notes
Turn   | Place    | Note
-------+----------+-------------------------------------------
     0 | D:1      | spaghetti the Human Chaos Knight began the quest for the
                  | Orb.
     0 | D:1      | Reached XP level 1. HP: 18/18 MP: 1/1
    26 | D:1      | XOM: silly message
    71 | D:1      | Reached skill level 1 in Stealth
   139 | D:1      | Reached XP level 2. HP: 23/24 MP: 2/2
   229 | D:1      | XOM: 4-stop teleportation journey
   290 | D:1      | Reached skill level 2 in Stealth
   522 | D:1      | Found a faded altar of an unknown god.
   602 | D:2      | Noticed Natasha
   613 | D:2      | Killed Natasha
   614 | D:2      | Reached skill level 3 in Stealth
   614 | D:2      | Reached XP level 3. HP: 11/29 MP: 3/3
   795 | D:2      | XOM: polymorph bat -> dart slug
   803 | D:2      | Reached XP level 4. HP: 29/35 MP: 4/4
   885 | D:2      | Noticed Natasha
   897 | D:2      | XOM: polymorph cerulean imp -> ufetubus
   898 | D:2      | Killed Natasha
   899 | D:2      | Reached skill level 4 in Stealth
   946 | D:2      | Noticed Natasha
   964 | D:2      | Killed Natasha
   977 | D:2      | XOM: scenery: create altars
  1072 | D:2      | Identified the amulet of Zyavvyha {Spirit SInv Stlth+} (Xom
                  | gifted it to you on level 2 of the Dungeon)
  1072 | D:2      | XOM: god gift: amulet of Zyavvyha {Spirit SInv Stlth+}
  1131 | D:2      | Found a hazy altar of Hepliaklqana.
  1424 | D:3      | Found a glowing silver altar of Zin.
  1446 | D:3      | XOM: cloud trail
  1490 | D:3      | XOM: god gift: scroll labelled XAPLEM XUNOTO {god gift}
  1494 | D:3      | Reached XP level 5. HP: 41/41 MP: 5/5
  1513 | D:3      | XOM: scenery: summon butterflies
  1569 | D:3      | Reached skill level 5 in Stealth
  1854 | D:3      | XOM: silly message
  2050 | D:4      | XOM: noise
  2063 | D:4      | Noticed a phantom
  2064 | D:4      | XOM: potion effect (invisibility)
  2086 | D:4      | Killed a phantom
  2087 | D:4      | Reached skill level 6 in Stealth
  2087 | D:4      | Reached XP level 6. HP: 40/47 MP: 4/6
  2384 | D:4      | XOM: silly message
  2422 | D:4      | XOM: confuse monster(s)
  2444 | D:4      | Reached skill level 7 in Stealth
  2449 | D:4      | Learned a level 3 spell: Mephitic Cloud
  2514 | D:4      | XOM: noise
  2544 | D:4      | XOM: 1-stop teleportation journey
  2586 | D:4      | XOM: silly message
  2784 | D:5      | Entered Level 5 of the Dungeon
  2937 | D:5      | XOM: fog
  2945 | D:5      | Reached XP level 7. HP: 52/52 MP: 7/7
  2949 | D:5      | Noticed Grinder
  2971 | D:5      | Killed Grinder
  2972 | D:5      | Reached skill level 1 in Conjurations
  2972 | D:5      | Reached skill level 1 in Air Magic
  2972 | D:5      | Reached skill level 1 in Alchemy
  2998 | D:5      | XOM: cast spell 'Chain of Chaos'
  3031 | D:5      | XOM: summons 7 friendly demons
  3037 | D:5      | XOM: butterfly on damage
  3140 | D:5      | XOM: summons friendly hellwing
  3412 | D:5      | XOM: noise
  3414 | D:5      | XOM: noise
  3428 | D:5      | Reached XP level 8. HP: 21/58 MP: 3/8
  3656 | D:5      | XOM: divination: detect creatures
  3725 | D:5      | Found Cuuc's Antique Armour Shoppe.
  4079 | D:5      | XOM: snakes to sticks
  4328 | D:6      | Reached skill level 8 in Stealth
  4333 | D:6      | Noticed a yak
  4362 | D:6      | XOM: polymorph bullfrog -> bat
  4371 | D:6      | XOM: 6-stop teleportation journey
  4375 | D:6      | Learned a level 2 spell: Blink
  4490 | D:6      | XOM: give mutations
  4490 | D:6      | Gained mutation: You are partially covered in large bone
                  | plates. (SH +4) [Xom's mischief]
  4490 | D:6      | Gained mutation: You are somewhat resistant to further
                  | mutation. [Xom's mischief]
  4490 | D:6      | Gained mutation: Your spells are a little harder to cast,
                  | but a little more powerful. [Xom's mischief]
  4572 | D:6      | a yak changed into a radroach
  4572 | D:6      | Noticed a radroach
  4572 | D:6      | XOM: polymorph yak -> radroach
  4582 | D:6      | XOM: fog
  4582 | D:6      | Mangled by a radroach

Illustrated notes

Levels and vault maps discovered:
D:1:      dpeg_arrival_lava_temple_mockup, layout_basic,
          hellmonk_ecumenical_altar_lost_god
D:2:      layout_basic, basic_altar, columned_hall_lemuel, uniq_natasha
D:3:      minmay_skewed_foursquare, layout_basic, zin_scriptorium
D:4:      layout_rooms
D:5:      layout_gridville, lightli_sewer_entry_pipes, serial_shops,
          nicolae_square_shop, uniq_grinder
D:6:      layout_basic, pdpol_wu_jian_five_deadly_venoms,
          general_overflow_altar, minmay_manual_monstrance

Skill      XL: |  1  2  3  4  5  6  7  8 |
---------------+-------------------------+-----
Stealth        | 1 3 4 6 7 8 |  8.2
Conjurations   | 2 3 |  3.3
Air Magic      | 2 3 |  3.3
Alchemy        | 2 3 |  3.4
Fighting       | |  3.0
Short Blades   | |  3.0
Armour         | |  2.0
Dodging        | |  1.0

Action                     |  1- 3 |  4- 6 |  7- 9 || total
---------------------------+-------+-------+-------++-------
  Melee: Short sword       |    80 |   170 |   156 ||   406
         Punch             |       |     2 |     3 ||     5
    Use: Scroll            |       |     6 |     1 ||     7
         Potion            |       |       |     3 ||     3
   Stab: Sleeping          |     2 |     7 |     8 ||    17
         Invisible         |       |     3 |       ||     3
         Paralysed         |       |     2 |       ||     2
         Confused          |       |     2 |     2 ||     4
         Distracted        |       |       |     1 ||     1
 Armour: Leather armour    |    63 |   104 |   135 ||   302
  Dodge: Dodged            |    52 |   118 |    74 ||   244
  Block: Other             |       |       |     4 ||     4
